 Dungeon Crawl Stone Soup version 0.29-a0-221-gceb61267dd (webtiles) character file.

Game seed: 4572256492644227545

8 shoop the Vexing (level 2, 0/16 HPs)
             Began as a Deep Elf Arcane Marksman on Feb 27, 2022.
             Slain by a gnoll
             ... wielding a +0 club
              (7 damage)
             ... on level 1 of the Dungeon.
             The game lasted 00:00:24 (69 turns).

shoop the Vexing (Deep Elf Arcane Marksman)           Turns: 69, Time: 00:00:24

Health: 0/16       AC:  2    Str:  7    XL:     2   Next: 0%
Magic:  4/6        EV: 12    Int: 17    God:
Gold:   23         SH:  0    Dex: 15    Spells: 3/4 levels left

rFire   . . .      SeeInvis .   a - +0 shortbow
rCold   . . .      Faith    .   (shield currently unavailable)
rNeg    . . .      Spirit   .   b - +0 robe
rPois   .          Reflect  .   (no helmet)
rElec   .          Harm     .   (no cloak)
rCorr   .          Rampage  .   (no gloves)
Will    .....                   (no boots)
Stlth   ++........              (no amulet)
HPRegen 0.05/turn               (no ring)
MPRegen 0.10/turn               (no ring)

@: no status effects
A: no striking features
a: no special abilities


You were on level 1 of the Dungeon.
You visited 1 branch of the dungeon, and saw 1 of its levels.

You collected 23 gold pieces.

Inventory:

Hand Weapons
 a - a +0 shortbow (weapon)
Armour
 b - a +0 robe (worn)


   Skills:
 - Level 0.7 Fighting
 + Level 3.0 Bows
 - Level 2.4 Dodging
 - Level 2.0 Stealth
 - Level 1.5 Spellcasting
 - Level 4.0 Hexes


You had 3 spell levels left.
You knew the following spells:

 Your Spells              Type           Power      Damage    Failure   Level
a - Slow                  Hex            56%        N/A       4%          1

Your spell library contained the following spells:

 Spells                   Type           Power      Damage    Failure   Level
 Inner Flame              Hex/Fire       8%         N/A       26%         3
 Portal Projectile        Hex/Tloc       16%        N/A       26%         3
 Cause Fear               Hex            7%         N/A       36%         4


Dungeon Overview and Level Annotations

Branches:
Dungeon (1/15)

Altars:

Annotations:
D:1 1 runed translucent door


Message History

You need to enable at least one skill for training.
You shoot an arrow. The arrow closely misses the jackal.
The jackal barks!
You shoot an arrow. The arrow hits the jackal.
You kill the jackal!
Your Bows skill increases to level 3!
You have reached level 2!
You shoot an arrow. The arrow hits the jackal.
The jackal is lightly wounded.
You shoot an arrow. The arrow closely misses the jackal.
You hear a shout!
A gnoll comes into view. It is wielding a +0 club.
The jackal barely misses you.
You shoot an arrow. The arrow barely misses the jackal.
The jackal closely misses you. x2
You shoot an arrow. The arrow hits the jackal.
The jackal is moderately wounded.
The jackal closely misses you. The jackal barely misses you.
You shoot an arrow. The arrow barely misses the jackal.
The gnoll hits you with a +0 club.
The jackal bites you but does no damage.
The gnoll hits you with a +0 club. The jackal barely misses you.
You shoot an arrow. The arrow closely misses the jackal.
The jackal closely misses you. The gnoll barely misses you.
The jackal bites you but does no damage.
Casting: Slow (safe; 4% risk of failure)
Confirm with . or Enter, or press ? or * to list all spells.
Aiming: Slow (safe; 4% risk of failure)
Press: ? - help, Shift-Dir - straight line, f/p - jackal
Aim: a jackal (lightly wounded, chance to affect: 71%)
The jackal struggles to resist.
The jackal barely misses you. The jackal misses you.
Casting: Slow (safe; 4% risk of failure)
Confirm with . or Enter, or press ? or * to list all spells.
Aiming: Slow (safe; 4% risk of failure)
Press: ? - help, Shift-Dir - straight line, f/p - jackal
Aim: a jackal (lightly wounded, chance to affect: 71%)
The jackal struggles to resist.
The jackal bites you. The gnoll hits you with a +0 club!
You die...

#..[# ...# #..# ########
.#####..####......#####
...........+......'...##
#..# #......###..# #..#
#......# ##.#
######..####......####.###
........h@................
........g.................
######.###############..##
#. ##.## #. ###..# ##
#...†# #..... #.....
#.....


You could see a gnoll and a jackal.

Vanquished Creatures
  A dart slug (D:1)
  3 jackals (D:1)
  A ball python (D:1)
  A frilled lizard (D:1)
6 creatures vanquished.

Notes
Turn   | Place    | Note
-------+----------+-------------------------------------------
     0 | D:1      | shoop the Deep Elf Arcane Marksman began the quest for the
                  | Orb.
     0 | D:1      | Reached XP level 1. HP: 11/11 MP: 5/5
     1 | D:1      | Found a runed translucent door.
    37 | D:1      | Reached skill level 1 in Stealth
    58 | D:1      | Reached XP level 2. HP: 16/16 MP: 6/6
    69 | D:1      | Slain by a gnoll

Illustrated notes

Levels and vault maps discovered:
D:1:      dpeg_arrival_caged_fury, layout_basic,
          shapermc_ecumenical_altar_mp_ritualfount, st_stairs_8,
          roderic_roman_lattice

Skill      XL: |  1 |
---------------+----+-----
Stealth        | 2 |  2.0
Bows           | 3 |  3.0
Fighting       | |  0.7
Dodging        | |  2.4
Spellcasting   | |  1.5
Hexes          | |  4.0

Action                   || total
-------------------------++-------
 Fire: Shortbow          ||    13
 Cast: Slow              ||     2
Armor: Robe              ||     2
Dodge: Dodged            ||    10

Table legend: (Time is in decaauts)
 A = Elapsed time spent in this place.
 B = Non-inter-level travel time spent in this place.
 C = Inter-level travel time spent in this place.
 D = Time resting spent in this place.
 E = Time spent auto-exploring this place.
 F = Levels seen in this place.
 G = Mean time per level.
                   A        B        C        D        E       F      G
               +--------+--------+--------+--------+--------+-----+--------+
         Total |     73 |     73 |      0 |      0 |     42 |   1 |   73.0 |
       Dungeon |     73 |     73 |      0 |      0 |     42 |   1 |   73.0 |
               +--------+--------+--------+--------+--------+-----+--------+

Top non-repeatable levels by time:
     D:1: 73 daAuts
